Arizona Coyotes vs Los Angeles Kings
Created - Tuesday, March 14, 2023 at 07:28
Goals
|
| Arizona Coyotes |
0 |
1 |
2 |
3 |
| Los Angeles Kings |
1 |
3 |
2 |
6 |
|
Shots
|
| Arizona Coyotes |
9 |
10 |
11 |
30 |
| Los Angeles Kings |
4 |
13 |
10 |
27 |
|
1st period
1. Los Angeles Kings , Andrei Svechnikov 1 (Mike Matheson 1, John Gibson) at 14:39 (SH)
Penalties :
Brayden McNabb (AZC) for High sticking (Minor) at 7:38, Noah Dobson (LAK) for Hooking (Minor) at 13:05, Jani Hakanpaa (AZC) for Interference (Minor) at 16:30
2nd period
2. Los Angeles Kings , Kirby Dach 2 (Nicklas Backstrom 2) at 6:17
3. Arizona Coyotes , Erik Haula 1 (James van Riemsdyk 1, Jared Spurgeon 1) at 16:22
4. Los Angeles Kings , Andrei Svechnikov 2 (Nicklas Backstrom 3) at 16:30 (PP)
5. Los Angeles Kings , Andrei Svechnikov 3 (Nicklas Backstrom 4, Noah Dobson 1) at 16:47
Penalties :
Andrei Svechnikov (LAK) for Hooking (Minor) at 0:22, Evan Polei (LAK) for Holding (Minor) at 3:06, Mathew Dumba (AZC) for Holding (Minor) at 12:28, Mathew Dumba (AZC) for Holding (Minor) at 16:26
3rd period
6. Los Angeles Kings , Dominik Kubalik 1 (Alexander Radulov 2, Seth Jarvis 1) at 0:44
7. Los Angeles Kings , Nicklas Backstrom 1 (Kirby Dach 1) at 3:17
8. Arizona Coyotes , Mats Zuccarello 1 (Claude Giroux 1) at 11:05
9. Arizona Coyotes , Ross Colton 1 (Tanner Jeannot 1, Jared Spurgeon 2) at 17:37
Penalties :
Mike Matheson (LAK) for Fighting (Major) at 2:10, Jani Hakanpaa (AZC) for Fighting (Major) at 2:10, Matt Tennyson (LAK) for Interference (Minor) at 5:15, Radko Gudas (AZC) for Cross-checking (Minor) at 7:26
Goalie Stats
Elvis Merzlikins (AZC), 10 saves from 12 shots - (0.833), 23:13 minutes
Kaapo Kahkonen (AZC), 11 saves from 15 shots - (0.733), L, 0-2-0, 36:47 minutes
John Gibson (LAK), 27 saves from 30 shots - (0.900), W, 2-0-0, 60:00 minutes
Players Stats for Arizona Coyotes
Player Name G A P +/- PIM S H SB GA TA FO MP PP MP PK MP
------------------------------------------------------------------------------------
Brandon Tanev 0 0 0 0 0 1 1 0 0 0 0/0 6:58 0:00 0:00
Brayden McNabb 0 0 0 -3 2 1 4 0 0 0 0/0 28:28 4:40 3:26
Charlie Coyle 0 0 0 -1 0 5 3 0 0 1 1/3 20:59 4:21 2:18
Claude Giroux 0 1 1 -1 0 2 2 2 1 1 27/42 23:06 4:22 4:10
David Krejci 0 0 0 -1 0 1 2 0 1 0 9/14 18:24 3:34 2:36
Dmitry Orlov 0 0 0 1 0 0 3 1 0 1 0/0 20:39 3:16 3:23
Erik Haula 1 0 1 0 0 3 1 0 1 0 5/6 11:56 0:00 1:38
Ilya Mikheyev 0 0 0 0 0 4 0 0 0 0 0/0 11:09 0:01 0:50
James van Riemsdyk 0 1 1 0 0 1 0 0 0 0 1/1 10:18 0:00 0:00
Jani Hakanpaa 0 0 0 0 7 0 0 4 0 0 0/0 12:53 0:00 2:32
Jared Spurgeon 0 2 2 1 0 1 0 2 0 1 0/0 20:32 3:16 3:23
Mathew Dumba 0 0 0 -3 4 0 2 1 1 2 0/0 27:51 4:40 3:16
Mats Zuccarello 1 0 1 -1 0 3 0 0 0 2 0/2 23:24 4:22 4:28
Ondrej Palat 0 0 0 -1 0 2 4 0 1 0 0/0 15:46 3:34 0:00
Radko Gudas 0 0 0 0 2 0 1 2 0 0 0/0 9:49 0:00 0:00
Ross Colton 1 0 1 0 0 2 0 1 0 0 3/3 6:58 0:00 0:00
Tanner Jeannot 0 1 1 0 0 1 0 0 0 0 0/0 6:58 0:00 0:00
Tyler Seguin 0 0 0 -1 0 3 0 0 2 1 0/0 15:46 3:34 0:00
Players Stats for Los Angeles Kings
Player Name G A P +/- PIM S H SB GA TA FO MP PP MP PK MP
------------------------------------------------------------------------------------
Alexander Radulov 0 1 1 0 0 2 3 1 0 0 0/1 16:32 3:54 0:00
Andrei Svechnikov 3 0 3 1 2 6 5 0 4 0 2/7 24:53 3:59 3:09
Cooper Marody 0 0 0 -1 0 2 0 0 0 1 0/2 4:27 0:00 0:00
Dominik Kubalik 1 0 1 1 0 1 2 0 0 0 0/0 19:51 3:47 2:51
Erik Brannstrom 0 0 0 3 0 1 4 1 1 1 0/0 21:05 2:56 2:59
Evan Polei 0 0 0 1 2 0 0 0 0 0 0/0 1:30 0:17 0:00
Jakub Zboril 0 0 0 0 0 1 0 0 0 0 0/0 11:01 0:00 0:38
K'Andre Miller 0 0 0 -1 0 0 2 2 0 0 0/0 29:37 5:04 5:04
Kirby Dach 1 1 2 4 0 4 2 1 0 1 2/2 20:52 3:59 2:39
Matt Tennyson 0 0 0 1 2 0 1 1 0 1 0/0 10:39 0:00 0:44
Mike Matheson 0 1 1 2 5 0 4 2 0 0 0/0 19:16 2:56 2:45
Nicklas Backstrom 1 3 4 3 0 5 3 0 2 1 19/38 22:32 3:56 4:38
Noah Dobson 0 1 1 -1 2 1 2 1 1 1 0/0 28:47 5:04 3:47
Peyton Krebs 0 0 0 -1 0 2 0 1 0 1 0/7 12:54 0:07 0:28
Ryan Reaves 0 0 0 -1 0 0 1 0 0 0 0/1 14:51 0:07 2:07
Seth Jarvis 0 1 1 0 0 2 1 0 1 0 2/12 16:32 3:54 0:00
Tyler Gaudet 0 0 0 -1 0 0 1 0 0 0 0/0 12:18 0:00 0:00
Vitaly Kravtsov 0 0 0 -1 0 0 0 0 0 0 0/1 4:27 0:00 0:00
3 Stars
1 - Nicklas Backstrom (LAK)
2 - Andrei Svechnikov (LAK)
3 - Kirby Dach (LAK)
Power Play
Arizona Coyotes - 0 on 4 Attempt(s) - 0.00%
Los Angeles Kings - 1 on 5 Attempt(s) - 20.00%
Penalty Kill
Arizona Coyotes - 4 on 5 Attempt(s) - 80.00%
- Score 0 goal in Penalty Kill
Los Angeles Kings - 4 on 4 Attempt(s) - 100.00%
- Score 1 goal in Penalty Kill
Team Stat
Arizona Coyotes - Hits : 23 - Faceoff Wins : 46 - Blocked Shots : 13 - Penalty Minutes : 15
Los Angeles Kings - Hits : 31 - Faceoff Wins : 25 - Blocked Shots : 10 - Penalty Minutes : 13
Official
Referees : Chris Rooney and Kyle Rehman
Linesman : Brian Mach and Mark Shewchyk
Game Notes
Andrei Svechnikov has scored a Hat Trick!
Elvis Merzlikins enters game at 16:47 of 2nd period
Mike Matheson beats up Jani Hakanpaa at 2:10 of 3rd period
Finance
Level 1 -- Attendance: 4474 (74.57%) -- Ticket Income $447,400
Level 2 -- Attendance: 3802 (76.04%) -- Ticket Income $228,120
Level 3 -- Attendance: 2620 (87.33%) -- Ticket Income $91,700
Level 4 -- Attendance: 4238 (84.76%) -- Ticket Income $105,950
Luxury Box -- Attendance: 812 (81.20%) -- Ticket Income $162,400
Game was played at the Staples Center.
Total Attendance: 15946 (79.73%)
Total Ticket Income: $1,035,570
Other Income: $362,450
Total Income: $1,398,020
Arizona Coyotes
5 vs 5 Forward
Center Left Wing Right Wing Time % Phy DF OF
1 Claude Giroux Mats Zuccarello Charlie Coyle 40 1 2 2
2 David Krejci Ondrej Palat Tyler Seguin 30 1 2 2
3 Erik Haula Ilya Mikheyev James van Riemsdyk 20 1 2 2
4 Ross Colton Tanner Jeannot Brandon Tanev 10 1 2 2
5 vs 5 Defense
Defense Defense Time % Phy DF OF
1 Brayden McNabb Mathew Dumba 40 1 2 2
2 Dmitry Orlov Jared Spurgeon 30 1 2 2
3 Radko Gudas Jani Hakanpaa 20 1 2 2
4 Brayden McNabb Mathew Dumba 10 1 2 2
PowerPlay Forward
Center Left Wing Right Wing Time % Phy DF OF
1 Claude Giroux Mats Zuccarello Charlie Coyle 60 1 2 2
2 David Krejci Ondrej Palat Tyler Seguin 40 1 2 2
PowerPlay Defense
Defense Defense Time % Phy DF OF
1 Brayden McNabb Mathew Dumba 60 1 2 2
2 Dmitry Orlov Jared Spurgeon 40 1 2 2
Penalty Kill 4 Players Forward
Center Wing Time % Phy DF OF
1 Claude Giroux Mats Zuccarello 60 1 2 2
2 Charlie Coyle David Krejci 40 1 2 2
Penalty Kill 4 Players Defense
Defense Defense Time % Phy DF OF
1 Brayden McNabb Mathew Dumba 60 1 2 2
2 Dmitry Orlov Jared Spurgeon 40 1 2 2
Penalty Kill - 3 Players Forward
Forward Time % Phy DF OF
1 Claude Giroux 60 1 2 2
2 Mats Zuccarello 40 1 2 2
Penalty Kill - 3 Players Defense
Defense Defense Time % Phy DF OF
1 Brayden McNabb Mathew Dumba 60 1 2 2
2 Dmitry Orlov Jared Spurgeon 40 1 2 2
4 vs 4 Forward
Center Wing Time % Phy DF OF
1 Claude Giroux Mats Zuccarello 60 1 2 2
2 Charlie Coyle David Krejci 40 1 2 2
4 vs 4 Defense
Defense Defense Time % Phy DF OF
1 Brayden McNabb Mathew Dumba 60 1 2 2
2 Dmitry Orlov Jared Spurgeon 40 1 2 2
Last Minutes Offensive
Center Left Wing Right Wing Defense Defense
Claude Giroux Mats Zuccarello Charlie Coyle Brayden McNabb Mathew Dumba
Last Minutes Defensive
Center Left Wing Right Wing Defense Defense
Claude Giroux Mats Zuccarello Charlie Coyle Brayden McNabb Mathew Dumba
Goaltenders
Starting : Kaapo Kahkonen
Backup : Elvis Merzlikins
Extra Forwards
Normal : Ilya Mikheyev, James van Riemsdyk, Erik Haula - PP : Ilya Mikheyev, James van Riemsdyk - PK : Erik Haula
Extra Defensemen
Normal : Radko Gudas, Jani Hakanpaa, Dmitry Orlov - PP : Radko Gudas - PK : Jani Hakanpaa, Dmitry Orlov
Penalty Shots
Claude Giroux, Mats Zuccarello, Charlie Coyle, David Krejci, Ondrej Palat
Los Angeles Kings
5 vs 5 Forward
Center Left Wing Right Wing Time % Phy DF OF
1 Nicklas Backstrom Andrei Svechnikov Kirby Dach 40 1 2 2
2 Seth Jarvis Dominik Kubalik Alexander Radulov 30 1 2 2
3 Peyton Krebs Tyler Gaudet Ryan Reaves 20 1 2 2
4 Cooper Marody Vitaly Kravtsov Andrei Svechnikov 10 1 2 2
5 vs 5 Defense
Defense Defense Time % Phy DF OF
1 Noah Dobson K'Andre Miller 40 1 2 2
2 Mike Matheson Erik Brannstrom 30 1 2 2
3 Jakub Zboril Matt Tennyson 20 1 2 2
4 Noah Dobson K'Andre Miller 10 1 2 2
PowerPlay Forward
Center Left Wing Right Wing Time % Phy DF OF
1 Nicklas Backstrom Andrei Svechnikov Kirby Dach 60 1 2 2
2 Seth Jarvis Dominik Kubalik Alexander Radulov 40 1 2 2
PowerPlay Defense
Defense Defense Time % Phy DF OF
1 Noah Dobson K'Andre Miller 60 1 2 2
2 Mike Matheson Erik Brannstrom 40 1 2 2
Penalty Kill 4 Players Forward
Center Wing Time % Phy DF OF
1 Andrei Svechnikov Nicklas Backstrom 60 1 2 2
2 Kirby Dach Dominik Kubalik 40 1 2 2
Penalty Kill 4 Players Defense
Defense Defense Time % Phy DF OF
1 Noah Dobson K'Andre Miller 60 1 2 2
2 Mike Matheson Erik Brannstrom 40 1 2 2
Penalty Kill - 3 Players Forward
Forward Time % Phy DF OF
1 Andrei Svechnikov 60 1 2 2
2 Nicklas Backstrom 40 1 2 2
Penalty Kill - 3 Players Defense
Defense Defense Time % Phy DF OF
1 Noah Dobson K'Andre Miller 60 1 2 2
2 Mike Matheson Erik Brannstrom 40 1 2 2
4 vs 4 Forward
Center Wing Time % Phy DF OF
1 Andrei Svechnikov Nicklas Backstrom 60 1 2 2
2 Kirby Dach Dominik Kubalik 40 1 2 2
4 vs 4 Defense
Defense Defense Time % Phy DF OF
1 Noah Dobson K'Andre Miller 60 1 2 2
2 Mike Matheson Erik Brannstrom 40 1 2 2
Last Minutes Offensive
Center Left Wing Right Wing Defense Defense
Nicklas Backstrom Andrei Svechnikov Kirby Dach Noah Dobson K'Andre Miller
Last Minutes Defensive
Center Left Wing Right Wing Defense Defense
Nicklas Backstrom Andrei Svechnikov Kirby Dach Noah Dobson K'Andre Miller
Goaltenders
Starting : John Gibson
Backup : Aaron Dell
Extra Forwards
Normal : Evan Polei, Peyton Krebs, Ryan Reaves - PP : Evan Polei, Peyton Krebs - PK : Ryan Reaves
Extra Defensemen
Normal : Jakub Zboril, Matt Tennyson, Mike Matheson - PP : Jakub Zboril - PK : Matt Tennyson, Mike Matheson
Penalty Shots
Andrei Svechnikov, Nicklas Backstrom, Kirby Dach, Dominik Kubalik, Alexander Radulov
% Time on Ice - Arizona Coyotes
Lines # - Real PCT - Wanted PCT - Time Play
Normal Forward
1 - 33% - 40% - 14:34
2 - 28% - 30% - 12:14
3 - 23% - 20% - 10:18
4 - 16% - 10% - 6:58
Normal Defense
1 - 41% - 40% - 18:16
2 - 32% - 30% - 13:53
3 - 22% - 20% - 9:50
4 - 5% - 10% - 2:05
PP Forward
1 - 55% - 60% - 4:22
2 - 45% - 40% - 3:34
PP Defense
1 - 59% - 60% - 4:40
2 - 41% - 40% - 3:16
PK Forward
1 - 71% - 60% - 5:42
2 - 29% - 40% - 2:18
PK Defense
1 - 58% - 60% - 4:37
2 - 42% - 40% - 3:23
PK3 Forward
1 - 0% - 60%
2 - 0% - 40%
PK3 Defense
1 - 0% - 60%
2 - 0% - 40%
44 Forward
1 - 0% - 60%
2 - 0% - 40%
44 Defense
1 - 0% - 60%
2 - 0% - 40%
Last Minute Offensive - 0:00
Last Minute Defensive - 0:00
Total
Forward - 60:00
Defense - 60:00
|
% Time on Ice - Los Angeles Kings
Lines # - Real PCT - Wanted PCT - Time Play
Normal Forward
1 - 33% - 40% - 14:25
2 - 29% - 30% - 12:54
3 - 28% - 20% - 12:18
4 - 10% - 10% - 4:27
Normal Defense
1 - 41% - 40% - 17:54
2 - 34% - 30% - 15:10
3 - 21% - 20% - 9:25
4 - 4% - 10% - 1:35
PP Forward
1 - 51% - 60% - 4:06
2 - 49% - 40% - 3:54
PP Defense
1 - 63% - 60% - 5:04
2 - 37% - 40% - 2:56
PK Forward
1 - 79% - 60% - 6:14
2 - 21% - 40% - 1:42
PK Defense
1 - 59% - 60% - 4:43
2 - 41% - 40% - 3:13
PK3 Forward
1 - 0% - 60%
2 - 0% - 40%
PK3 Defense
1 - 0% - 60%
2 - 0% - 40%
44 Forward
1 - 0% - 60%
2 - 0% - 40%
44 Defense
1 - 0% - 60%
2 - 0% - 40%
Last Minute Offensive - 0:00
Last Minute Defensive - 0:00
Total
Forward - 60:00
Defense - 60:00
|
Play-by-Play
1st period
0:01 of 1st period - Nicklas Backstrom wins face-off versus Charlie Coyle in neutral zone.
0:12 of 1st period - Snap shot by Nicklas Backstrom.
0:12 of 1st period - Shot Misses the Net.
0:46 of 1st period - Snap shot by Tanner Jeannot.
0:46 of 1st period - Stopped by John Gibson without a rebound.
0:47 of 1st period - Ross Colton wins face-off versus Peyton Krebs in Los Angeles Kings zone.
1:02 of 1st period - Peyton Krebs is hit by Brandon Tanev and loses puck.
1:18 of 1st period - Icing by Erik Brannstrom.
1:19 of 1st period - Claude Giroux wins face-off versus Peyton Krebs in Los Angeles Kings zone.
1:58 of 1st period - Slapshot by Claude Giroux.
1:58 of 1st period - Shot Misses the Net.
2:00 of 1st period - Slapshot by Charlie Coyle.
2:00 of 1st period - Stopped by John Gibson without a rebound.
2:01 of 1st period - Erik Haula wins face-off versus Nicklas Backstrom in Los Angeles Kings zone.
2:10 of 1st period - Wrist shot by Ilya Mikheyev.
2:10 of 1st period - Stopped by John Gibson with a rebound.
2:14 of 1st period - Snap shot by Ilya Mikheyev.
2:14 of 1st period - Stopped by John Gibson with a rebound.
2:16 of 1st period - Slapshot by Ilya Mikheyev.
2:16 of 1st period - Stopped by John Gibson with a rebound.
2:55 of 1st period - Wrist shot by Ross Colton.
2:55 of 1st period - Deflect By Tanner Jeannot.
2:55 of 1st period - Shot Misses the Net.
2:55 of 1st period - Puck is out of play.
2:56 of 1st period - David Krejci wins face-off versus Alexander Radulov in Los Angeles Kings zone.
3:06 of 1st period - Off-side.
3:07 of 1st period - Erik Haula wins face-off versus Nicklas Backstrom in neutral zone.
3:10 of 1st period - Snap shot by Ilya Mikheyev.
3:10 of 1st period - Shot Misses the Net.
4:24 of 1st period - Slapshot by Ilya Mikheyev.
4:24 of 1st period - Stopped by John Gibson without a rebound.
4:25 of 1st period - David Krejci wins face-off versus Seth Jarvis in Los Angeles Kings zone.
4:36 of 1st period - Snap shot by Dominik Kubalik.
4:36 of 1st period - Deflect By Jared Spurgeon.
4:36 of 1st period - Shot Misses the Net.
4:36 of 1st period - Puck is out of play.
4:37 of 1st period - Claude Giroux wins face-off versus Nicklas Backstrom in Arizona Coyotes zone.
4:44 of 1st period - Charlie Coyle is hit by Nicklas Backstrom and loses puck.
5:03 of 1st period - K'Andre Miller is hit by David Krejci and loses puck.
5:30 of 1st period - Wrist shot by Peyton Krebs.
5:30 of 1st period - Shot Misses the Net.
6:07 of 1st period - Erik Brannstrom is hit by Radko Gudas.
6:23 of 1st period - Snap shot by Alexander Radulov.
6:23 of 1st period - Shot Blocked by Jani Hakanpaa.
6:25 of 1st period - Slapshot by Alexander Radulov.
6:25 of 1st period - Shot Misses the Net.
6:43 of 1st period - Wrist shot by Ilya Mikheyev.
6:43 of 1st period - Shot Misses the Net.
6:51 of 1st period - Snap shot by Nicklas Backstrom.
6:51 of 1st period - Deflect By Tanner Jeannot.
6:51 of 1st period - Stopped by Kaapo Kahkonen with a rebound.
7:07 of 1st period - Slapshot by Cooper Marody.
7:07 of 1st period - Stopped by Kaapo Kahkonen without a rebound.
7:08 of 1st period - Charlie Coyle wins face-off versus Cooper Marody in Arizona Coyotes zone.
7:10 of 1st period - Icing by Mats Zuccarello.
7:11 of 1st period - Claude Giroux wins face-off versus Vitaly Kravtsov in Arizona Coyotes zone.
7:16 of 1st period - Wrist shot by Charlie Coyle.
7:16 of 1st period - Stopped by John Gibson without a rebound.
7:17 of 1st period - Kirby Dach wins face-off versus Claude Giroux in Los Angeles Kings zone.
7:30 of 1st period - Slapshot by Andrei Svechnikov.
7:30 of 1st period - Shot Misses the Net.
7:32 of 1st period - Wrist shot by Andrei Svechnikov.
7:32 of 1st period - Shot Misses the Net.
7:38 of 1st period - Minor Penalty to Brayden McNabb for High sticking.
7:39 of 1st period - Claude Giroux wins face-off versus Nicklas Backstrom in Arizona Coyotes zone.
7:54 of 1st period - Snap shot by Mats Zuccarello.
7:54 of 1st period - Stopped by John Gibson with a rebound.
8:17 of 1st period - Dominik Kubalik is hit by Mathew Dumba and loses puck.
8:57 of 1st period - Icing by Seth Jarvis.
8:58 of 1st period - Erik Haula wins face-off versus Seth Jarvis in Los Angeles Kings zone.
9:38 of 1st period - Penalty to Brayden McNabb is over, Brayden McNabb is back on ice.
9:47 of 1st period - Dmitry Orlov is hit by Tyler Gaudet.
9:55 of 1st period - Wrist shot by Ross Colton.
9:55 of 1st period - Shot Blocked by Mike Matheson.
10:13 of 1st period - Mathew Dumba is hit by Erik Brannstrom and loses puck.
11:17 of 1st period - Snap shot by Nicklas Backstrom.
11:17 of 1st period - Stopped by Kaapo Kahkonen with a rebound.
11:39 of 1st period - Ilya Mikheyev is hit by K'Andre Miller and loses puck.
11:50 of 1st period - Erik Brannstrom is hit by Dmitry Orlov and loses puck.
12:14 of 1st period - Andrei Svechnikov is hit by Ondrej Palat and loses puck.
12:27 of 1st period - Matt Tennyson is hit by Dmitry Orlov and loses puck.
13:05 of 1st period - Minor Penalty to Noah Dobson for Hooking.
13:06 of 1st period - Claude Giroux wins face-off versus Andrei Svechnikov in Los Angeles Kings zone.
13:26 of 1st period - Mats Zuccarello is hit by Nicklas Backstrom and loses puck.
13:33 of 1st period - K'Andre Miller is hit by Claude Giroux and loses puck.
13:42 of 1st period - Backhand shot by Claude Giroux.
13:42 of 1st period - Deflect By Mats Zuccarello.
13:42 of 1st period - Shot Misses the Net.
13:42 of 1st period - Puck is out of play.
13:43 of 1st period - Andrei Svechnikov wins face-off versus David Krejci in Los Angeles Kings zone.
13:59 of 1st period - Snap shot by David Krejci.
13:59 of 1st period - Shot Misses the Net.
14:39 of 1st period - Snap shot by Andrei Svechnikov.
14:39 of 1st period - Goal by Andrei Svechnikov - Arizona Coyotes : 0 - Los Angeles Kings : 1.
14:40 of 1st period - Claude Giroux wins face-off versus Andrei Svechnikov in neutral zone.
15:05 of 1st period - Penalty to Noah Dobson is over, Noah Dobson is back on ice.
15:05 of 1st period - Mathew Dumba is hit by Erik Brannstrom and loses puck.
15:30 of 1st period - Slapshot by Ilya Mikheyev.
15:30 of 1st period - Shot Blocked by Mike Matheson.
15:34 of 1st period - Slapshot by Erik Haula.
15:34 of 1st period - Shot Misses the Net.
16:01 of 1st period - Snap shot by Brandon Tanev.
16:01 of 1st period - Stopped by John Gibson with a rebound.
16:07 of 1st period - Brandon Tanev is hit by Andrei Svechnikov.
16:17 of 1st period - Radko Gudas is hit by K'Andre Miller and loses puck.
16:30 of 1st period - Minor Penalty to Jani Hakanpaa for Interference.
16:31 of 1st period - Claude Giroux wins face-off versus Nicklas Backstrom in Arizona Coyotes zone.
18:30 of 1st period - Penalty to Jani Hakanpaa is over, Jani Hakanpaa is back on ice.
18:53 of 1st period - Jared Spurgeon is hit by Matt Tennyson and loses puck.
19:11 of 1st period - Jakub Zboril is hit by Ondrej Palat and loses puck.
Goals for this period are 0 for Arizona Coyotes vs 1 for Los Angeles Kings.
Shots for this period are 9 for Arizona Coyotes vs 4 for Los Angeles Kings.
2nd period
0:01 of 2nd period - Claude Giroux wins face-off versus Nicklas Backstrom in neutral zone.
0:22 of 2nd period - Minor Penalty to Andrei Svechnikov for Hooking.
0:23 of 2nd period - Claude Giroux wins face-off versus Ryan Reaves in Los Angeles Kings zone.
0:26 of 2nd period - Wrist shot by Charlie Coyle.
0:26 of 2nd period - Stopped by John Gibson with a rebound.
0:32 of 2nd period - Claude Giroux is hit by Ryan Reaves and loses puck.
0:49 of 2nd period - Brayden McNabb is hit by Kirby Dach and loses puck.
1:42 of 2nd period - Wrist shot by Kirby Dach.
1:42 of 2nd period - Stopped by Kaapo Kahkonen without a rebound.
1:43 of 2nd period - Claude Giroux wins face-off versus Peyton Krebs in Arizona Coyotes zone.
1:48 of 2nd period - Noah Dobson is hit by Charlie Coyle and loses puck.
1:59 of 2nd period - Mathew Dumba is hit by Noah Dobson.
2:22 of 2nd period - Penalty to Andrei Svechnikov is over, Andrei Svechnikov is back on ice.
3:06 of 2nd period - Minor Penalty to Evan Polei for Holding.
3:07 of 2nd period - David Krejci wins face-off versus Andrei Svechnikov in Los Angeles Kings zone.
3:10 of 2nd period - Snap shot by Tyler Seguin.
3:10 of 2nd period - Stopped by John Gibson with a rebound.
3:12 of 2nd period - Snap shot by Ondrej Palat.
3:12 of 2nd period - Shot Misses the Net.
3:14 of 2nd period - Slapshot by Brayden McNabb.
3:14 of 2nd period - Deflect By Tyler Seguin.
3:14 of 2nd period - Stopped by John Gibson without a rebound.
3:15 of 2nd period - David Krejci wins face-off versus Andrei Svechnikov in Los Angeles Kings zone.
3:28 of 2nd period - Snap shot by Nicklas Backstrom.
3:28 of 2nd period - Shot Misses the Net.
4:10 of 2nd period - Dmitry Orlov is hit by Mike Matheson and loses puck.
4:23 of 2nd period - Nicklas Backstrom is hit by Ondrej Palat and loses puck.
5:06 of 2nd period - Penalty to Evan Polei is over, Evan Polei is back on ice.
6:09 of 2nd period - Slapshot by Kirby Dach.
6:09 of 2nd period - Shot Blocked by Jani Hakanpaa.
6:11 of 2nd period - Slapshot by Jakub Zboril.
6:11 of 2nd period - Stopped by Kaapo Kahkonen without a rebound.
6:12 of 2nd period - Nicklas Backstrom wins face-off versus Erik Haula in Arizona Coyotes zone.
6:15 of 2nd period - Snap shot by Nicklas Backstrom.
6:15 of 2nd period - Shot Misses the Net.
6:17 of 2nd period - Wrist shot by Kirby Dach.
6:17 of 2nd period - Goal by Kirby Dach - Arizona Coyotes : 0 - Los Angeles Kings : 2.
6:18 of 2nd period - Nicklas Backstrom wins face-off versus Claude Giroux in neutral zone.
6:29 of 2nd period - Snap shot by Andrei Svechnikov.
6:29 of 2nd period - Stopped by Kaapo Kahkonen without a rebound.
6:30 of 2nd period - Nicklas Backstrom wins face-off versus Claude Giroux in Arizona Coyotes zone.
6:45 of 2nd period - Wrist shot by Claude Giroux.
6:45 of 2nd period - Shot Misses the Net.
6:47 of 2nd period - Slapshot by Mathew Dumba.
6:47 of 2nd period - Shot Blocked by Kirby Dach.
6:57 of 2nd period - David Krejci is hit by Alexander Radulov and loses puck.
7:02 of 2nd period - Snap shot by Alexander Radulov.
7:02 of 2nd period - Stopped by Kaapo Kahkonen without a rebound.
7:03 of 2nd period - David Krejci wins face-off versus Seth Jarvis in Arizona Coyotes zone.
7:08 of 2nd period - Dominik Kubalik is hit by Dmitry Orlov and loses puck.
7:19 of 2nd period - Jared Spurgeon is hit by Mike Matheson and loses puck.
7:49 of 2nd period - Wrist shot by Peyton Krebs.
7:49 of 2nd period - Deflect By Tyler Gaudet.
7:49 of 2nd period - Deflect By Ilya Mikheyev.
7:49 of 2nd period - Shot Hit the Post.
7:49 of 2nd period - Puck is out of play.
7:50 of 2nd period - James van Riemsdyk wins face-off versus Peyton Krebs in Arizona Coyotes zone.
8:15 of 2nd period - Peyton Krebs is hit by Brayden McNabb and loses puck.
8:20 of 2nd period - Wrist shot by Ondrej Palat.
8:20 of 2nd period - Stopped by John Gibson without a rebound.
8:21 of 2nd period - David Krejci wins face-off versus Nicklas Backstrom in Los Angeles Kings zone.
8:53 of 2nd period - Icing by Alexander Radulov.
8:54 of 2nd period - Claude Giroux wins face-off versus Seth Jarvis in Los Angeles Kings zone.
8:55 of 2nd period - Wrist shot by Mats Zuccarello.
8:55 of 2nd period - Deflect By Claude Giroux.
8:55 of 2nd period - Shot Misses the Net.
8:55 of 2nd period - Puck is out of play.
8:56 of 2nd period - Claude Giroux wins face-off versus Seth Jarvis in Los Angeles Kings zone.
9:30 of 2nd period - Alexander Radulov is hit by David Krejci and loses puck.
9:37 of 2nd period - Snap shot by Alexander Radulov.
9:37 of 2nd period - Stopped by Kaapo Kahkonen with a rebound.
9:41 of 2nd period - Wrist shot by Dominik Kubalik.
9:41 of 2nd period - Deflect By Alexander Radulov.
9:41 of 2nd period - Shot Blocked by Dmitry Orlov.
9:41 of 2nd period - Puck is out of play.
9:42 of 2nd period - Erik Haula wins face-off versus Nicklas Backstrom in Arizona Coyotes zone.
10:05 of 2nd period - Icing by Erik Brannstrom.
10:06 of 2nd period - Kirby Dach wins face-off versus Claude Giroux in Los Angeles Kings zone.
10:06 of 2nd period - Kirby Dach is hit by Charlie Coyle.
10:16 of 2nd period - Slapshot by Mike Matheson.
10:16 of 2nd period - Shot Blocked by Claude Giroux.
10:24 of 2nd period - Mike Matheson is hit by Charlie Coyle and loses puck.
10:37 of 2nd period - David Krejci is hit by Dominik Kubalik and loses puck.
10:46 of 2nd period - Snap shot by Dominik Kubalik.
10:46 of 2nd period - Shot Misses the Net.
11:17 of 2nd period - Slapshot by Noah Dobson.
11:17 of 2nd period - Stopped by Kaapo Kahkonen without a rebound.
11:18 of 2nd period - Ross Colton wins face-off versus Peyton Krebs in Arizona Coyotes zone.
11:48 of 2nd period - Radko Gudas is hit by Erik Brannstrom and loses puck.
11:55 of 2nd period - Slapshot by Jani Hakanpaa.
11:55 of 2nd period - Shot Blocked by Peyton Krebs.
11:57 of 2nd period - Snap shot by Radko Gudas.
11:57 of 2nd period - Deflect By David Krejci.
11:57 of 2nd period - Shot Blocked by Erik Brannstrom.
11:57 of 2nd period - Puck is out of play.
11:58 of 2nd period - Nicklas Backstrom wins face-off versus Claude Giroux in Los Angeles Kings zone.
12:05 of 2nd period - Andrei Svechnikov is hit by Brayden McNabb and loses puck.
12:10 of 2nd period - Wrist shot by Mats Zuccarello.
12:10 of 2nd period - Shot Blocked by K'Andre Miller.
12:12 of 2nd period - Snap shot by Charlie Coyle.
12:12 of 2nd period - Stopped by John Gibson without a rebound.
12:13 of 2nd period - Nicklas Backstrom wins face-off versus Claude Giroux in Los Angeles Kings zone.
12:13 of 2nd period - Nicklas Backstrom is hit by Brayden McNabb.
12:28 of 2nd period - Minor Penalty to Mathew Dumba for Holding.
12:29 of 2nd period - Claude Giroux wins face-off versus Nicklas Backstrom in Arizona Coyotes zone.
12:37 of 2nd period - Snap shot by Andrei Svechnikov.
12:37 of 2nd period - Shot Blocked by Jani Hakanpaa.
12:39 of 2nd period - Slapshot by K'Andre Miller.
12:39 of 2nd period - Deflect By Andrei Svechnikov.
12:39 of 2nd period - Shot Blocked by Jani Hakanpaa.
12:39 of 2nd period - Puck is out of play.
12:40 of 2nd period - Claude Giroux wins face-off versus Nicklas Backstrom in Arizona Coyotes zone.
13:09 of 2nd period - Snap shot by Seth Jarvis.
13:09 of 2nd period - Stopped by Kaapo Kahkonen without a rebound.
13:10 of 2nd period - Claude Giroux wins face-off versus Seth Jarvis in Arizona Coyotes zone.
13:10 of 2nd period - Claude Giroux is hit by Mike Matheson.
13:44 of 2nd period - Wrist shot by Nicklas Backstrom.
13:44 of 2nd period - Stopped by Kaapo Kahkonen without a rebound.
13:45 of 2nd period - Nicklas Backstrom wins face-off versus Claude Giroux in Arizona Coyotes zone.
14:28 of 2nd period - Penalty to Mathew Dumba is over, Mathew Dumba is back on ice.
14:41 of 2nd period - Slapshot by James van Riemsdyk.
14:41 of 2nd period - Shot Misses the Net.
14:59 of 2nd period - Snap shot by Ondrej Palat.
14:59 of 2nd period - Deflect By Tyler Seguin.
14:59 of 2nd period - Stopped by John Gibson without a rebound.
15:00 of 2nd period - David Krejci wins face-off versus Andrei Svechnikov in Los Angeles Kings zone.
15:05 of 2nd period - Snap shot by David Krejci.
15:05 of 2nd period - Stopped by John Gibson with a rebound.
15:07 of 2nd period - Snap shot by David Krejci.
15:07 of 2nd period - Shot Blocked by Matt Tennyson.
15:09 of 2nd period - Snap shot by Ondrej Palat.
15:09 of 2nd period - Shot Misses the Net.
15:15 of 2nd period - Slapshot by Ondrej Palat.
15:15 of 2nd period - Stopped by John Gibson without a rebound.
15:16 of 2nd period - Seth Jarvis wins face-off versus Claude Giroux in Los Angeles Kings zone.
15:16 of 2nd period - Seth Jarvis is hit by Brayden McNabb.
16:01 of 2nd period - James van Riemsdyk is hit by Alexander Radulov and loses puck.
16:22 of 2nd period - Slapshot by Erik Haula.
16:22 of 2nd period - Goal by Erik Haula - Arizona Coyotes : 1 - Los Angeles Kings : 2.
16:23 of 2nd period - Andrei Svechnikov wins face-off versus Claude Giroux in neutral zone.
16:26 of 2nd period - Minor Penalty to Mathew Dumba for Holding.
16:27 of 2nd period - Nicklas Backstrom wins face-off versus Claude Giroux in Arizona Coyotes zone.
16:30 of 2nd period - Backhand shot by Andrei Svechnikov.
16:30 of 2nd period - Goal by Andrei Svechnikov - Arizona Coyotes : 1 - Los Angeles Kings : 3.
16:31 of 2nd period - Claude Giroux wins face-off versus Nicklas Backstrom in neutral zone.
16:47 of 2nd period - Wrist shot by Andrei Svechnikov.
16:47 of 2nd period - Goal by Andrei Svechnikov - Arizona Coyotes : 1 - Los Angeles Kings : 4.
16:47 of 2nd period - Elvis Merzlikins enters game.
16:48 of 2nd period - Nicklas Backstrom wins face-off versus Claude Giroux in neutral zone.
17:03 of 2nd period - Mathew Dumba is hit by Kirby Dach and loses puck.
17:20 of 2nd period - Snap shot by David Krejci.
17:20 of 2nd period - Shot Blocked by Alexander Radulov.
17:54 of 2nd period - Dmitry Orlov is hit by Andrei Svechnikov and loses puck.
18:01 of 2nd period - Slapshot by Andrei Svechnikov.
18:01 of 2nd period - Shot Misses the Net.
18:03 of 2nd period - Snap shot by Kirby Dach.
18:03 of 2nd period - Deflect By Andrei Svechnikov.
18:03 of 2nd period - Shot Blocked by Ross Colton.
18:03 of 2nd period - Puck is out of play.
18:04 of 2nd period - Claude Giroux wins face-off versus Seth Jarvis in Arizona Coyotes zone.
18:09 of 2nd period - Dominik Kubalik is hit by Claude Giroux and loses puck.
18:30 of 2nd period - Wrist shot by Andrei Svechnikov.
18:30 of 2nd period - Stopped by Elvis Merzlikins without a rebound.
18:31 of 2nd period - Nicklas Backstrom wins face-off versus David Krejci in Arizona Coyotes zone.
18:57 of 2nd period - K'Andre Miller is hit by Mathew Dumba and loses puck.
19:02 of 2nd period - Snap shot by Mats Zuccarello.
19:02 of 2nd period - Shot Misses the Net.
19:10 of 2nd period - Charlie Coyle is hit by Seth Jarvis and loses puck.
19:31 of 2nd period - Snap shot by Erik Haula.
19:31 of 2nd period - Shot Misses the Net.
19:33 of 2nd period - Wrist shot by Ilya Mikheyev.
19:33 of 2nd period - Deflect By James van Riemsdyk.
19:33 of 2nd period - Stopped by John Gibson without a rebound.
19:34 of 2nd period - Nicklas Backstrom wins face-off versus David Krejci in Los Angeles Kings zone.
19:41 of 2nd period - Slapshot by Andrei Svechnikov.
19:41 of 2nd period - Deflect By Tyler Seguin.
19:41 of 2nd period - Stopped by Elvis Merzlikins without a rebound.
19:42 of 2nd period - David Krejci wins face-off versus Nicklas Backstrom in Arizona Coyotes zone.
19:54 of 2nd period - Off-side.
19:55 of 2nd period - Claude Giroux wins face-off versus Nicklas Backstrom in neutral zone.
Goals for this period are 1 for Arizona Coyotes vs 3 for Los Angeles Kings.
Shots for this period are 10 for Arizona Coyotes vs 13 for Los Angeles Kings.
3rd period
0:01 of 3rd period - Claude Giroux wins face-off versus Nicklas Backstrom in neutral zone.
0:08 of 3rd period - Snap shot by Claude Giroux.
0:08 of 3rd period - Stopped by John Gibson with a rebound.
0:10 of 3rd period - Snap shot by Brayden McNabb.
0:10 of 3rd period - Stopped by John Gibson without a rebound.
0:11 of 3rd period - Nicklas Backstrom wins face-off versus Claude Giroux in Los Angeles Kings zone.
0:44 of 3rd period - Snap shot by Dominik Kubalik.
0:44 of 3rd period - Goal by Dominik Kubalik - Arizona Coyotes : 1 - Los Angeles Kings : 5.
0:45 of 3rd period - Nicklas Backstrom wins face-off versus Mats Zuccarello in neutral zone.
0:47 of 3rd period - Off-side.
0:48 of 3rd period - Claude Giroux wins face-off versus Nicklas Backstrom in neutral zone.
1:35 of 3rd period - Snap shot by Ross Colton.
1:35 of 3rd period - Shot Blocked by K'Andre Miller.
1:47 of 3rd period - Backhand shot by Peyton Krebs.
1:47 of 3rd period - Shot Misses the Net.
1:49 of 3rd period - Wrist shot by Ryan Reaves.
1:49 of 3rd period - Deflect By Peyton Krebs.
1:49 of 3rd period - Stopped by Elvis Merzlikins with a rebound.
1:51 of 3rd period - Slapshot by Noah Dobson.
1:51 of 3rd period - Shot Blocked by Jared Spurgeon.
1:57 of 3rd period - Slapshot by Peyton Krebs.
1:57 of 3rd period - Stopped by Elvis Merzlikins without a rebound.
1:58 of 3rd period - Nicklas Backstrom wins face-off versus Mats Zuccarello in Arizona Coyotes zone.
1:59 of 3rd period - Wrist shot by Andrei Svechnikov.
1:59 of 3rd period - Shot Misses the Net.
2:01 of 3rd period - Slapshot by Erik Brannstrom.
2:01 of 3rd period - Shot Blocked by Claude Giroux.
2:03 of 3rd period - Wrist shot by Kirby Dach.
2:03 of 3rd period - Stopped by Elvis Merzlikins with a rebound.
2:05 of 3rd period - Slapshot by Nicklas Backstrom.
2:05 of 3rd period - Stopped by Elvis Merzlikins with a rebound.
2:10 of 3rd period - Mike Matheson beats up Jani Hakanpaa.
2:10 of 3rd period - Penalty to Mike Matheson for Fighting.
2:10 of 3rd period - Penalty to Jani Hakanpaa for Fighting.
2:11 of 3rd period - Nicklas Backstrom wins face-off versus Claude Giroux in Arizona Coyotes zone.
2:18 of 3rd period - Slapshot by Andrei Svechnikov.
2:18 of 3rd period - Shot Blocked by Mathew Dumba.
2:20 of 3rd period - Snap shot by K'Andre Miller.
2:20 of 3rd period - Shot Misses the Net.
2:45 of 3rd period - Seth Jarvis is hit by Ondrej Palat and loses puck.
3:07 of 3rd period - Wrist shot by Erik Brannstrom.
3:07 of 3rd period - Deflect By Ilya Mikheyev.
3:07 of 3rd period - Stopped by Elvis Merzlikins with a rebound.
3:17 of 3rd period - Snap shot by Nicklas Backstrom.
3:17 of 3rd period - Goal by Nicklas Backstrom - Arizona Coyotes : 1 - Los Angeles Kings : 6.
3:18 of 3rd period - Claude Giroux wins face-off versus Nicklas Backstrom in neutral zone.
3:31 of 3rd period - Slapshot by Noah Dobson.
3:31 of 3rd period - Deflect By Kirby Dach.
3:31 of 3rd period - Stopped by Elvis Merzlikins without a rebound.
3:32 of 3rd period - Nicklas Backstrom wins face-off versus Charlie Coyle in Arizona Coyotes zone.
3:59 of 3rd period - Mathew Dumba is hit by Alexander Radulov and loses puck.
4:10 of 3rd period - Snap shot by Seth Jarvis.
4:10 of 3rd period - Stopped by Elvis Merzlikins with a rebound.
4:48 of 3rd period - Wrist shot by Cooper Marody.
4:48 of 3rd period - Stopped by Elvis Merzlikins without a rebound.
4:49 of 3rd period - Erik Haula wins face-off versus Seth Jarvis in Arizona Coyotes zone.
5:00 of 3rd period - Snap shot by Erik Haula.
5:00 of 3rd period - Stopped by John Gibson with a rebound.
5:15 of 3rd period - Minor Penalty to Matt Tennyson for Interference.
5:16 of 3rd period - Claude Giroux wins face-off versus Nicklas Backstrom in Los Angeles Kings zone.
5:32 of 3rd period - Slapshot by Claude Giroux.
5:32 of 3rd period - Shot Blocked by Noah Dobson.
5:50 of 3rd period - Dmitry Orlov is hit by Andrei Svechnikov and loses puck.
7:10 of 3rd period - Penalty to Mike Matheson is over, Mike Matheson is back on ice.
7:26 of 3rd period - Minor Penalty to Radko Gudas for Cross-checking.
7:27 of 3rd period - Claude Giroux wins face-off versus Seth Jarvis in Arizona Coyotes zone.
7:43 of 3rd period - Mathew Dumba is hit by Dominik Kubalik and loses puck.
7:56 of 3rd period - Mathew Dumba is hit by Erik Brannstrom.
8:36 of 3rd period - Charlie Coyle is hit by Andrei Svechnikov and loses puck.
9:26 of 3rd period - Penalty to Radko Gudas is over, Radko Gudas is back on ice.
10:12 of 3rd period - Off-side.
10:13 of 3rd period - Claude Giroux wins face-off versus Cooper Marody in neutral zone.
10:39 of 3rd period - Erik Haula is hit by Mike Matheson and loses puck.
10:59 of 3rd period - Snap shot by Ondrej Palat.
10:59 of 3rd period - Shot Misses the Net.
11:01 of 3rd period - Backhand shot by Jared Spurgeon.
11:01 of 3rd period - Stopped by John Gibson without a rebound.
11:02 of 3rd period - Claude Giroux wins face-off versus Peyton Krebs in Los Angeles Kings zone.
11:03 of 3rd period - Slapshot by Mats Zuccarello.
11:03 of 3rd period - Stopped by John Gibson with a rebound.
11:05 of 3rd period - Slapshot by Mats Zuccarello.
11:05 of 3rd period - Goal by Mats Zuccarello - Arizona Coyotes : 2 - Los Angeles Kings : 6.
11:06 of 3rd period - Claude Giroux wins face-off versus Nicklas Backstrom in neutral zone.
12:03 of 3rd period - Snap shot by Erik Haula.
12:03 of 3rd period - Stopped by John Gibson without a rebound.
12:04 of 3rd period - Nicklas Backstrom wins face-off versus Claude Giroux in Los Angeles Kings zone.
13:27 of 3rd period - Radko Gudas is hit by Noah Dobson.
13:35 of 3rd period - Andrei Svechnikov is hit by Erik Haula and loses puck.
14:55 of 3rd period - Off-side.
14:56 of 3rd period - Claude Giroux wins face-off versus Peyton Krebs in neutral zone.
15:13 of 3rd period - Wrist shot by Claude Giroux.
15:13 of 3rd period - Stopped by John Gibson without a rebound.
15:14 of 3rd period - David Krejci wins face-off versus Seth Jarvis in Los Angeles Kings zone.
15:17 of 3rd period - Wrist shot by Ondrej Palat.
15:17 of 3rd period - Shot Misses the Net.
15:48 of 3rd period - Mats Zuccarello is hit by Nicklas Backstrom and loses puck.
16:30 of 3rd period - Off-side.
16:31 of 3rd period - Ross Colton wins face-off versus Nicklas Backstrom in neutral zone.
16:44 of 3rd period - Snap shot by Nicklas Backstrom.
16:44 of 3rd period - Shot Blocked by Jared Spurgeon.
16:52 of 3rd period - Snap shot by Ross Colton.
16:52 of 3rd period - Stopped by John Gibson with a rebound.
17:14 of 3rd period - Dmitry Orlov is hit by Andrei Svechnikov and loses puck.
17:37 of 3rd period - Wrist shot by Ross Colton.
17:37 of 3rd period - Goal by Ross Colton - Arizona Coyotes : 3 - Los Angeles Kings : 6.
17:38 of 3rd period - Nicklas Backstrom wins face-off versus Claude Giroux in neutral zone.
19:15 of 3rd period - Snap shot by Seth Jarvis.
19:15 of 3rd period - Deflect By Alexander Radulov.
19:15 of 3rd period - Shot Misses the Net.
19:15 of 3rd period - Puck is out of play.
19:16 of 3rd period - Seth Jarvis wins face-off versus David Krejci in Arizona Coyotes zone.
19:19 of 3rd period - Snap shot by Alexander Radulov.
19:19 of 3rd period - Shot Blocked by Radko Gudas.
19:21 of 3rd period - Wrist shot by Seth Jarvis.
19:21 of 3rd period - Shot Misses the Net.
19:23 of 3rd period - Wrist shot by Dominik Kubalik.
19:23 of 3rd period - Shot Misses the Net.
19:27 of 3rd period - Wrist shot by Alexander Radulov.
19:27 of 3rd period - Shot Hit the Post.
19:31 of 3rd period - Slapshot by Seth Jarvis.
19:31 of 3rd period - Shot Blocked by Radko Gudas.
19:50 of 3rd period - Slapshot by Jared Spurgeon.
19:50 of 3rd period - Shot Misses the Net.
19:52 of 3rd period - Wrist shot by Charlie Coyle.
19:52 of 3rd period - Stopped by John Gibson without a rebound.
19:53 of 3rd period - Nicklas Backstrom wins face-off versus David Krejci in Los Angeles Kings zone.
Goals for this period are 2 for Arizona Coyotes vs 2 for Los Angeles Kings.
Shots for this period are 11 for Arizona Coyotes vs 10 for Los Angeles Kings.
Back to the Top